 Dungeon Crawl Stone Soup version 0.30-a0-782-ge64f9170bb (webtiles) character file.

Game seed: 5694600367516289833

18736 112233 the Thaumaturge (level 12, -1/87 HPs)
             Began as a Demonspawn Necromancer on Mar 1, 2023.
             Was an Initiate of Gozag.
             Slain by a meliai simulacrum (8 damage)
             ... on level 13 of the Dungeon.
             The game lasted 00:18:22 (15239 turns).

112233 the Thaumaturge (Demonspawn Necromancer)    Turns: 15239, Time: 00:18:22

Health: -1/87      AC:  8    Str: 10    XL:     12   Next: 30%
Magic:  0/27       EV: 18    Int: 21    God:    Gozag
Gold:   1742       SH:  8    Dex: 19    Spells: 14/34 levels left

rFire   . . .      SeeInvis +    Q - +4 dagger (elec)
rCold   . . .      Faith    .    (no shield)
rNeg    . . .      Spirit   +    a - +0 robe
rPois   .          Reflect  .    (no helmet)
rElec   .          Harm     .    W - +0 cloak
rCorr   .          Rampage  .    z - +0 pair of gloves
Will    .....                    e - +0 pair of boots
Stlth   +++                      O - brooch of Shielding {Spirit SH+8}
HPRegen 0.34/turn                K - ring of see invisible
MPRegen 0.40/turn                B - +6 ring of dexterity

@: gold aura
A: icy blue scales 2, magic shield, magic regeneration, magic link, weakness
stinger 2
a: Renounce Religion, Potion Petition, Call Merchant, Bribe Branch


You were on level 13 of the Dungeon.
You worshipped Gozag.
Gozag was most pleased with you.
You visited 1 branch of the dungeon, and saw 14 of its levels.

You collected 2643 gold pieces.
You paid 901 gold pieces to Gozag.

Inventory:

Hand Weapons
 h - a +2 vampiric dagger
 Q - a +4 dagger of electrocution (weapon)
Armour
 a - a +0 robe (worn)
 e - a +0 pair of boots (worn)
 t - an orb of guile
 z - a +0 pair of gloves (worn)
 G - the +2 buckler "Baet Diph" {rCorr Int-5 Dex+5}
   (You found it on level 5 of the Dungeon)

   Int:       It affects your intelligence (-5).
   Dex:       It affects your dexterity (+5).
   rCorr:     It protects you from acid and corrosion.
 W - a +0 cloak (worn)
Magical Staves
 x - a staff of air
Jewellery
 b - a ring of flight
 o - a ring of protection from cold
 s - a +4 ring of protection
 y - an amulet of regeneration
 B - a +6 ring of dexterity (right hand)
 J - an amulet of magic regeneration
 K - a ring of see invisible (left hand)
 O - the brooch of Shielding (around neck) {Spirit SH+8}
   (You found it on level 9 of the Dungeon)

   [amulet of guardian spirit]

   It causes incoming damage to be divided between your reserves of health and
   magic.
   SH:        It affects your SH (+8).
 S - a +4 ring of slaying
Wands
 C - a wand of iceblast (3)
 T - a wand of flame (14)
 V - a wand of charming (2)
Scrolls
 d - 2 scrolls of teleportation
 f - a scroll of vulnerability {unknown}
 j - 5 scrolls of enchant armour
 k - a scroll of blinking
 l - a scroll of enchant weapon
 p - 2 scrolls of fog {unknown}
 r - 3 scrolls of torment
 D - 2 scrolls of magic mapping
 E - 2 scrolls of silence {unknown}
 I - a scroll of amnesia {unknown}
 L - 2 scrolls of brand weapon
 N - a scroll of poison {unknown}
 R - 5 scrolls of identify
Potions
 c - a potion of might {unknown}
 g - 4 potions of resistance {unknown}
 i - 4 potions of curing
 m - 2 potions of berserk rage
 n - 5 potions of mutation
 q - a potion of attraction
 u - 4 potions of flight
 v - 2 potions of brilliance {unknown}
 w - 3 potions of lignification {unknown}
 F - 3 potions of heal wounds {unknown}
 H - 2 potions of cancellation
 M - 3 potions of haste
 P - 4 potions of degeneration {unknown}
 U - 3 potions of invisibility {unknown}
Miscellaneous
 A - a box of beasts (inert)


   Skills:
 + Level 5.9 Fighting
 + Level 8.8 Dodging
 - Level 5.0 Stealth
 * Level 11.6 Spellcasting
 - Level 9.1 Necromancy
 * Level 7.8 Air Magic


You had 14 spell levels left.
You knew the following spells:

 Your Spells              Type           Power      Damage    Failure   Level
a - Necrotise             Necr           100%       1d9       1%          1
b - Vampiric Draining     Necr           50%        2d9       1%          3
c - Agony                 Necr           50%        N/A       3%          5
d - Airstrike             Air            22%        2d(4-20)  2%          4
e - Summon Lightning Spi  Summ/Air       28%        N/A       11%         4
f - Vhi's Electric Charg  Tloc/Air       56%        N/A       3%          3

Your spell library contained the following spells:

 Spells                   Type           Power      Damage    Failure   Level
 Static Discharge         Conj/Air       56%        2-5/arc   1%          2
 Call Canine Familiar     Summ           12%        N/A       17%         3
 Frozen Ramparts          Ice            24%        1d4       17%         3
 Portal Projectile        Hex/Tloc       24%        N/A       17%         3
 Tukima's Dance           Hex            12%        N/A       17%         3
 Arcjolt                  Conj/Air       14%        1d24      30%         5
 Lightning Bolt           Conj/Air       14%        1d27      30%         5
 Ice Form                 Ice/Tmut       12%        N/A       50%         4
 Leda's Liquefaction      Hex/Erth       6%         N/A       50%         4
 Olgreb's Toxic Radiance  Pois           12%        N/A       50%         4
 Passage of Golubria      Tloc           12%        N/A       50%         4
 Summon Ice Beast         Ice/Summ       12%        N/A       50%         4
 Yara's Violent Unravell  Hex/Tmut       6%         3d5       83%         5
 Ozocubu's Refrigeration  Ice            6%         4d8       100%        7
 Ignition                 Fire           6%         3d4       100%        8
 Animate Dead             Necr           Unusable   N/A       N/A         4

Dungeon Overview and Level Annotations

Branches:
Dungeon (14/15)            Temple (0/1) D:6            Lair (0/5) D:11
    Orc (0/2) D:9
 Vaults: D:13-14

Altars:
Ashenzari
Cheibriados
Dithmenos
Fedhas
Gozag
Hepliaklqana
Kikubaaqudgha
Makhleb
Nemelex Xobeh
Okawaru
Ru
Sif Muna
Trog
Uskayaw
Vehumet
Lugonu

Shops:
D:3 :

Annotations:
D:3 Ijyb
D:5 Grinder
D:9 exclusion: downstairs
D:11 exclusion: obsidian statue
D:12 3 runed translucent doors, Odyam's ghost, journeyman MiFi
D:14 exclusion: upstairs


Innate Abilities, Weirdness & Mutations

You are mostly covered in icy blue scales. (AC +3)
When hurt, damage is shared between your health and your magic reserves.
You regenerate magic rapidly.
When low on magic, you restore magic in place of health.
You have a tail ending in a sharp stinger.


Message History

Unknown command.
Unknown command.
You closely miss the basilisk.
You tail-slap the basilisk, but do no damage.
The basilisk is moderately wounded.
The basilisk bites you but does no damage.
Unknown command.
You hit the basilisk.
The basilisk is heavily wounded.
The meliai simulacrum is distracted by your dazzling golden aura.
The basilisk gazes at you. You resist with some effort.
You closely miss the basilisk.
The basilisk is heavily wounded.
The basilisk hisses menacingly.
The basilisk barely misses you.
You hit the basilisk. Lightning courses through the basilisk!
The basilisk is severely wounded.
The meliai simulacrum is no longer distracted by gold.
The basilisk closely misses you.
You barely miss the basilisk. You tail-slap the basilisk.
The basilisk is almost dead.
The basilisk gazes at you. You resist with some effort.
You hit the basilisk.
You kill the basilisk!
You hit the meliai simulacrum.
The meliai simulacrum is heavily damaged.
You block the meliai simulacrum's attack.
The meliai simulacrum hits you. The meliai simulacrum freezes you!!
The meliai simulacrum hits you. The meliai simulacrum freezes you!!
The meliai simulacrum hits you. The meliai simulacrum freezes you!!
* * * LOW HITPOINT WARNING * * *
You hit the meliai simulacrum.
The meliai simulacrum is severely damaged.
The meliai simulacrum hits you.
* * * LOW HITPOINT WARNING * * *
The meliai simulacrum freezes you!
You die...
Your body crumbles into a pile of gold.

###### #.....###
#.Z@# ......#.#
..... #.#
.######.###########
...................
...................
....##..###..#####.
...###..###..#####.
...................


You could see a meliai simulacrum.

Vanquished Creatures
  A hydra (D:13)
  Erolcha (D:13)
  2 boulder beetles
  2 centaur warriors
  3 two-headed ogres
  Sonja (D:11)
  Lodul (D:13)
  2 cyclopes (D:13)
  2 trolls
  A polar bear (D:13)
  A hornet (D:11)
  A vampire (D:12)
  2 centaur simulacra (D:13)
  2 wyverns (D:8)
  14 yaks
  8 vampire mosquitoes (D:12)
  3 basilisks
  5 water moccasins
  5 acid dragons
  A meliai simulacrum (D:13)
  2 sky beasts
  5 ice beasts
  8 ogres
  6 orc warriors
  4 centaurs
  A black bear (D:6)
  A kobold brigand (D:9)
  7 bullfrogs
  8 scorpions
  A wight (D:9)
  2 howler monkeys (D:9)
  A nameless horror (D:13)
  3 vampire bats (D:6)
  6 hounds
  3 jellies
  9 orc priests
  Jessica (D:3)
  10 orc wizards
  4 iguanas
  Robin (D:3)
  6 gnolls
  5 adders (D:3)
  A shadow imp (D:7)
  6 white imps
  2 ufetubi (D:13)
  4 dart slugs
  33 orcs
  5 bat skeletons (D:6)
  2 bat zombies (D:6)
  7 endoplasms
  2 giant cockroaches
  9 hobgoblins
  4 quokkas
  7 ball pythons
  4 bats
  3 frilled lizards
  14 goblins
  6 kobolds
  4 rats
265 creatures vanquished.

Vanquished Creatures (collateral kills)
  A two-headed ogre (D:10)
  A yak (D:10)
  2 goblins
  A ball python (D:1)
5 creatures vanquished.

Vanquished Creatures (others)
  42 fungi (D:11)
  40 plants (D:11)
82 creatures vanquished.

Grand Total: 352 creatures vanquished

Notes
Turn   | Place    | Note
-------+----------+-------------------------------------------
     0 | D:1      | 112233 the Demonspawn Necromancer began the quest for the
                  | Orb.
     0 | D:1      | Reached XP level 1. HP: 13/13 MP: 3/3
   286 | D:1      | Gained mutation: You are partially covered in icy blue
                  | scales. (AC +2) [demonic ancestry]
   286 | D:1      | Reached XP level 2. HP: 19/19 MP: 1/5
  1107 | D:2      | Gained mutation: You have a small tail. [demonic ancestry]
  1107 | D:2      | Reached XP level 3. HP: 24/24 MP: 0/6
  1735 | D:3      | Noticed Jessica
  1738 | D:3      | Noticed Robin
  2053 | D:3      | Killed Jessica
  2054 | D:3      | Gained mutation: You regenerate magic rapidly. [demonic
                  | ancestry]
  2054 | D:3      | Reached XP level 4. HP: 30/30 MP: 4/7
  2118 | D:3      | Killed Robin
  2119 | D:3      | Reached skill level 5 in Necromancy
  2174 | D:3      | Noticed a scorpion
  2184 | D:3      | Killed a scorpion
  2185 | D:3      | Gained mutation: When hurt, damage is shared between your
                  | health and your magic reserves. [demonic ancestry]
  2185 | D:3      | Reached XP level 5. HP: 29/35 MP: 2/9
  2189 | D:3      | Learned a level 3 spell: Vampiric Draining
  2333 | D:3      | Reached skill level 3 in Spellcasting
  2579 | D:3      | Noticed Ijyb
  2707 | D:4      | Found an opulent altar of Gozag.
  2744 | D:4      | Became a worshipper of Gozag Ym Sagoz the Greedy
  3032 | D:4      | Gained mutation: You are mostly covered in icy blue scales.
                  | (AC +3) [demonic ancestry]
  3032 | D:4      | Reached XP level 6. HP: 38/41 MP: 3/11
  3038 | D:4      | Learned a level 5 spell: Agony
  3131 | D:4      | Found a sparkling altar of Nemelex Xobeh.
  3530 | D:3      | Found a hazy altar of Hepliaklqana.
  3603 | D:3      | Found Nonate Yqeu's Vocational Training.
  3702 | D:3      | Found a radiant altar of Vehumet.
  3748 | D:5      | Entered Level 5 of the Dungeon
  4037 | D:5      | Reached XP level 7. HP: 46/46 MP: 8/12
  4273 | D:5      | Found a broken altar of Ashenzari.
  4289 | D:5      | Identified the +2 buckler "Baet Diph" {rCorr Int-5 Dex+5}
  4406 | D:5      | Noticed Grinder
  4500 | D:6      | Reached skill level 4 in Spellcasting
  4534 | D:6      | Found a staircase to the Ecumenical Temple.
  4639 | D:6      | Found an iron altar of Okawaru.
  4716 | D:6      | Found a snail-covered altar of Cheibriados.
  4811 | D:6      | Reached skill level 5 in Stealth
  4811 | D:6      | Reached XP level 8. HP: 52/52 MP: 6/14
  5267 | D:6      | Found an ancient bone altar of Kikubaaqudgha.
  5289 | D:6      | Reached skill level 5 in Spellcasting
  5420 | D:6      | Reached skill level 5 in Dodging
  6137 | D:7      | Reached skill level 6 in Spellcasting
  6395 | D:7      | Reached XP level 9. HP: 57/57 MP: 9/18
  6592 | D:7      | Found a shadowy altar of Dithmenos.
  6592 | D:7      | Found a hide-covered altar of Uskayaw.
  6679 | D:7      | Found a burning altar of Makhleb.
  7056 | D:8      | Found a shimmering blue altar of Sif Muna.
  7121 | D:8      | Reached skill level 7 in Spellcasting
  7250 | D:9      | Found the brooch of Shielding {Spirit SH+8}
  7267 | D:9      | Found a blossoming altar of Fedhas.
  8055 | D:8      | Found a sacrificial altar of Ru.
  8110 | D:8      | Reached skill level 8 in Spellcasting
  8539 | D:9      | Found a staircase to the Orcish Mines.
  8621 | D:10     | Entered Level 10 of the Dungeon
  8841 | D:10     | Learned a level 4 spell: Airstrike
  8846 | D:10     | Learned a level 4 spell: Summon Lightning Spire
  8848 | D:10     | Found a bloodstained altar of Trog.
  8853 | D:10     | Noticed a two-headed ogre
  8902 | D:10     | Gained mutation: When low on magic, you restore magic in
                  | place of health. [demonic ancestry]
  8902 | D:10     | Reached XP level 10. HP: 64/64 MP: 18/22
  8924 | D:10     | Reached skill level 1 in Air Magic
  8937 | D:10     | Killed a two-headed ogre
  8938 | D:10     | Reached skill level 1 in Fighting
  9284 | D:10     | Learned a level 3 spell: Vhi's Electric Charge
  9424 | D:10     | Reached skill level 9 in Spellcasting
 10530 | D:11     | Noticed Sonja
 11055 | D:12     | Noticed Odyam's ghost (journeyman MiFi)
 11080 | D:12     | Noticed a centaur warrior
 11089 | D:12     | Killed a centaur warrior
 11090 | D:12     | Gained mutation: You have a tail ending in a sharp stinger.
                  | [demonic ancestry]
 11090 | D:12     | Reached XP level 11. HP: 74/75 MP: 3/24
 11098 | D:12     | Reached skill level 10 in Spellcasting
 11109 | D:12     | Noticed a two-headed ogre
 11127 | D:12     | Killed a two-headed ogre
 11128 | D:12     | Reached skill level 5 in Air Magic
 11288 | D:12     | Noticed a boulder beetle
 11300 | D:12     | Killed a boulder beetle
 11462 | D:11     | Found a staircase to the Lair.
 11765 | D:11     | Killed Sonja
 11849 | D:11     | Noticed an obsidian statue
 12390 | D:11     | Noticed a boulder beetle
 12426 | D:11     | Killed a boulder beetle
 12945 | D:12     | Found a runed translucent gate.
 12946 | D:12     | Found a runed translucent gate.
 12948 | D:12     | Found a runed translucent gate.
 13012 | D:12     | Found a corrupted altar of Lugonu.
 13912 | D:13     | Noticed a seven-headed hydra
 13913 | D:13     | Noticed a two-headed ogre
 13922 | D:13     | Killed a seven-headed hydra
 13923 | D:13     | Reached skill level 5 in Fighting
 13930 | D:14     | Noticed a skeletal warrior
 14092 | D:14     | Noticed an apis
 14094 | D:14     | Noticed an apis
 14096 | D:14     | Noticed an apis
 14116 | D:13     | Noticed Erolcha
 14154 | D:13     | Killed a two-headed ogre
 14155 | D:13     | Reached skill level 11 in Spellcasting
 14244 | D:13     | Killed Erolcha
 14445 | D:13     | Noticed Lodul
 14449 | D:13     | Killed Lodul
 14450 | D:13     | Reached XP level 12. HP: 86/86 MP: 12/27
 14918 | D:13     | Noticed a two-headed ogre
 14925 | D:13     | Killed a two-headed ogre
 14963 | D:13     | Noticed a centaur warrior
 14974 | D:13     | Killed a centaur warrior
 15239 | D:13     | Slain by a meliai simulacrum

Illustrated notes

Levels and vault maps discovered:
D:1:      nzn_arrival_depleted_hourglass, layout_basic, solitary_fountain
D:2:      layout_rooms, chequers_garden, minmay_pentomino_s4
D:3:      layout_basic, nicolae_vehumet_altar_sigil,
          mainiacjoe_overflow_tiny_flanked, nicolae_shop_vocational, uniq_ijyb,
          uniq_robin, uniq_crazy_yiuf_cottage, uniq_jessica
D:4:      layout_rooms, nemelex_diamond_rough_becter,
          nicolae_gozag_seed_capital, grunt_decor_cap
D:5:      layout_loops_ring, cheibrodos_ashenzari_chains, dk_noncrumbling_3,
          uniq_grinder
D:6:      layout_basic, kennysheep_mini_moat, okawaru_trees_2,
          kennysheep_vampire_church, minmay_temple_entry_hall
D:7:      layout_cave_pools, nicolae_overflow_quartered_altars
D:8:      layout_loops_ring, nicolae_ru_awakened_eye, overflow_temple_1_default
D:9:      layout_big_octagon, mainiacjoe_overflow_catwalk, david_orc_4,
          chequers_serial_rivers_micro_a
D:10:     layout_basic, overflow_temple_1_default, serial_park_tiny_pond
D:11:     layout_loops_ring, due_lair_maze_entry_diamond, serial_shops,
          statue_bzr, corexii_hall_statues_i, item_on_display_a, uniq_sonja
D:12:     layout_grid_maze, gammafunk_ghost_icy, tgw_lugonu_bribe
D:13:     layout_stronghold, serial_ice, serial_ice_h, serial_ice_a,
          serial_ice_g, serial_ice_f, serial_ice_n, serial_ice_m, serial_ice_d,
          nicolae_fountain_basement, uniq_lodul, uniq_erolcha
D:14:     dreamdust_under_siege, layout_stronghold, david_vaults_5,
          nzn_hepliaklqana_mist_gate, minivault_25

Skill      XL: |  1  2  3  4  5  6  7  8  9 10 11 |
---------------+----------------------------------+-----
Stealth        | 2 3 4 5 |  5.0
Dodging        | 2 3 4 5 6 7 8 |  8.8
Necromancy     | 5 6 7 9 |  9.1
Spellcasting   | 3 4 6 8 9 11 | 11.6
Air Magic      | 4 7 |  7.8
Fighting       | 3 5 |  5.9

Action                     |  1- 3 |  4- 6 |  7- 9 | 10-12 || total
---------------------------+-------+-------+-------+-------++-------
  Melee: Unarmed           |     2 |       |       |       ||     2
         Dagger            |     4 |     9 |   198 |   177 ||   388
         Tailslap          |       |       |    30 |    43 ||    73
         Punch             |       |       |     3 |     2 ||     5
   Cast: Necrotise         |    72 |    95 |    75 |    37 ||   279
         Vampiric Draining |       |       |    99 |   113 ||   212
         Airstrike         |       |       |       |   112 ||   112
         Agony             |       |       |       |     7 ||     7
         Summon Lightning  |       |       |       |     1 ||     1
 Invoke: Potion Petition   |       |       |       |     2 ||     2
  Evoke: Wand              |       |       |       |    12 ||    12
         Box of beasts     |       |       |       |     2 ||     2
    Use: Scroll            |       |       |    12 |     6 ||    18
         Potion            |       |       |       |     2 ||     2
   Stab: Sleeping          |       |       |    10 |     1 ||    11
         Distracted        |       |       |     2 |     1 ||     3
 Armour: Robe              |     7 |    10 |   126 |    88 ||   231
  Dodge: Dodged            |    12 |    20 |   248 |   180 ||   460
  Block: Other             |       |       |    17 |   127 ||   144

Table legend: (Time is in decaauts)
 A = Elapsed time spent in this place.
 B = Non-inter-level travel time spent in this place.
 C = Inter-level travel time spent in this place.
 D = Time resting spent in this place.
 E = Time spent auto-exploring this place.
 F = Levels seen in this place.
 G = Mean time per level.
                   A        B        C        D        E       F      G
               +--------+--------+--------+--------+--------+-----+--------+
         Total |  15244 |  14614 |    630 |   3187 |   9039 |  14 | 1088.9 |
       Dungeon |  15244 |  14614 |    630 |   3187 |   9039 |  14 | 1088.9 |
               +--------+--------+--------+--------+--------+-----+--------+

Top non-repeatable levels by time:
    D:12: 1867 daAuts
     D:6: 1509 daAuts
    D:11: 1437 daAuts
    D:10: 1331 daAuts
    D:13: 1281 daAuts
     D:9: 1216 daAuts
     D:3: 1212 daAuts
     D:1: 1073 daAuts
     D:8: 948 daAuts
     D:2: 902 daAuts
     D:7: 873 daAuts
     D:5: 832 daAuts
     D:4: 587 daAuts
    D:14: 169 daAuts
